 Dungeon Crawl Stone Soup version 0.28.0-53-g5a82cb258f (webtiles) character file.

Game seed: 6087433675666595971

216 Kranky the Skirmisher (level 5, -6/40 HPs)
             Began as an Octopode Fighter on June 20, 2022.
             Mangled by Grinder (9 damage)
             ... on level 3 of the Dungeon.
             The game lasted 00:04:47 (2528 turns).

Kranky the Skirmisher (Octopode Fighter)            Turns: 2528, Time: 00:04:48

Health: -6/40      AC:  1    Str: 15    XL:     5   Next: 93%
Magic:  5/5        EV: 13    Int: 10    God:
Gold:   78         SH:  5    Dex: 14    Spells: 4/4 levels left

rFire   . . .      SeeInvis .   a - +0 flail
rCold   . . .      Faith    .   b - +0 buckler
rNeg    . . .      Spirit   .   (helmet restricted)
rPois   .          Reflect  .   (no amulet)
rElec   .          Harm     .   (no ring)
rCorr   .          Rampage  .   (no ring)
Will    .....                   (no ring)
Stlth   +++.......              (no ring)
HPRegen 0.13/turn               (no ring)
MPRegen 0.09/turn               (no ring)
                                (no ring)
                                (no ring)

@: no status effects
A: almost no armour, amphibious, 8 rings, camouflage 1, gelatinous body 1,
(nimble swimmer 1), tentacles
a: no special abilities


You were on level 3 of the Dungeon.
You visited 1 branch of the dungeon, and saw 3 of its levels.

You collected 78 gold pieces.

Inventory:

Hand Weapons
 a - a +0 flail (weapon)
Missiles
 d - a throwing net (quivered)
 k - 5 poisoned darts
Armour
 b - a +0 buckler (worn)
Scrolls
 e - a scroll of amnesia {unknown}
 g - a scroll of teleportation {unknown}
 h - a scroll of identify {unknown}
 j - a scroll of magic mapping {unknown}
Potions
 c - a potion of might
 f - a potion of heal wounds {unknown}
 i - a potion of haste {unknown}
 l - a potion of flight {unknown}


   Skills:
 + Level 5.6 Fighting
 - Level 2.0 Maces & Flails
 + Level 3.3 Dodging
 - Level 3.0 Stealth
 + Level 3.2 Shields


You had 4 spell levels left.
You didn't know any spells.
Your spell library contained the following spells:

 Spells                   Type           Power      Damage    Failure   Level
 Shock                    Conj/Air       0%         1d3       45%         1
 Portal Projectile        Hex/Tloc       0%         N/A       83%         3
 Swiftness                Air            0%         N/A       83%         3
 Airstrike                Air            0%         N/A       99%         4
 Blade Hands              Tmut           0%         N/A       100%        5
 Excruciating Wounds      Necr           0%         N/A       100%        5


Dungeon Overview and Level Annotations

Branches:
Dungeon (3/15)

Altars:

Annotations:
D:3 Grinder


Innate Abilities, Weirdness & Mutations

You cannot wear most types of armour.
You are amphibious.
You can wear up to eight rings at the same time.
Your skin changes colour to match your surroundings (Stealth+).
Your rubbery body absorbs attacks. (AC +1, EV +1)
((You are camouflaged when in or above water. (Stealth+)))
You have tentacles for arms and can constrict up to eight enemies at once.


Message History

Grinder shouts!
Grinder moves out of view.
No target in view!
A dart slug comes into view.
Grinder gestures at you. Pain shoots through your body! Grinder hits you.
You writhe in agony.
You hit Grinder. You grab Grinder.
Grinder is lightly wounded.
You constrict Grinder.
Grinder struggles to blink free from constriction.
You sock Grinder!
Grinder is heavily wounded.
You constrict Grinder. Grinder gestures at you.
You suddenly lose the ability to move!
You lose your grip on Grinder.
Grinder hits you.
You writhe in agony.
Grinder hits you.
You writhe in agony.
Grinder hits you.
Grinder blinks!
The dart slug launches a dart at you. The slug dart hits you.
* * * LOW HITPOINT WARNING * * *
You can move again.
You sock the dart slug! You grab the dart slug.
The dart slug is almost dead.
You constrict the dart slug.
You kill the dart slug!
Grinder gestures at you.
You shrug off the repeated paralysis!
Grinder hits you!
* * * LOW HITPOINT WARNING * * *
You see here a dart slug corpse.
You hit Grinder. You grab Grinder.
Grinder is heavily wounded.
You constrict Grinder. Grinder barely misses you.
You sock Grinder!
Grinder is severely wounded.
You constrict Grinder. Grinder hits you!
You die...

.# #####..##.# .. .#
#.........##.### .#
#.#######..#.#.# ## #.#
#.#..#.# # #.# #.#.##.#
# #.# #...# .# ####.#
#..## .# .....#
#..###.####..
###..#######....@5.....#
.##..........###########
.>.......#####
###.#.......#
....#....##.#
####........#
####........#
..##........#
..###.......#


You could see Grinder.

Vanquished Creatures
  A jelly (D:3)
  Natasha (twice) (D:2)
  6 adders
  4 dart slugs
  An orc (D:3)
  11 endoplasms
  3 giant cockroaches
  6 goblins
  7 hobgoblins
  3 jackals (D:1)
  A kobold (D:1)
  4 quokkas
  6 ball pythons
  7 bats
  5 frilled lizards
  7 rats
74 creatures vanquished.

Notes
Turn   | Place    | Note
-------+----------+-------------------------------------------
     0 | D:1      | Kranky the Octopode Fighter began the quest for the Orb.
     0 | D:1      | Reached XP level 1. HP: 16/16 MP: 1/1
   129 | D:1      | Reached skill level 1 in Stealth
   130 | D:1      | Reached XP level 2. HP: 17/21 MP: 2/2
   447 | D:1      | Reached XP level 3. HP: 20/27 MP: 3/3
   707 | D:1      | Found a faded altar of an unknown god.
  1077 | D:2      | Noticed Natasha
  1086 | D:2      | Killed Natasha
  1087 | D:2      | Reached skill level 4 in Fighting
  1087 | D:2      | Reached XP level 4. HP: 24/34 MP: 4/4
  1489 | D:2      | Noticed Natasha
  1505 | D:2      | Killed Natasha
  1506 | D:2      | Reached skill level 5 in Fighting
  1506 | D:2      | Reached XP level 5. HP: 15/39 MP: 5/5
  2514 | D:3      | Noticed Grinder
  2519 | D:3      | Paralysed by Grinder for 6 turns
  2526 | D:3      | HP: 2/40 [Grinder (9)]
  2528 | D:3      | Mangled by Grinder

Illustrated notes

Levels and vault maps discovered:
D:1:      lightli_arrival_isolated_outpost, layout_loops_ring,
          hellmonk_ecumenical_altar_zigzags, hangedman_decor_lopped,
          minmay_crystal_water, minmay_bisected
D:2:      minmay_recursive_quarters, layout_loops_ring,
          minmay_misc_feat_encased, grunt_ministairs_1, uniq_natasha
D:3:      layout_loops_cross, nzn_wu_jian_contemplation, uniq_grinder

Skill      XL: |  1  2  3  4 |
---------------+-------------+-----
Stealth        | 1 2 3 |  3.0
Fighting       | 4 5 |  5.6
Maces & Flails | |  2.0
Dodging        | |  3.3
Shields        | |  3.2

Action                   |  1- 3 |  4- 6 || total
-------------------------+-------+-------++-------
Melee: Flail             |    44 |    80 ||   124
       Tentacles         |    16 |    11 ||    27
       Constrict         |    12 |    23 ||    35
       Punch             |     1 |     1 ||     2
 Stab: Sleeping          |     6 |    12 ||    18
Armor: Skin              |     1 |     7 ||     8
Dodge: Dodged            |    20 |    40 ||    60
Block: Buckler           |     6 |    15 ||    21
